 Dungeon Crawl Stone Soup version 0.29.1-2-gbd0b4ee654 (webtiles) character file.

Game seed: 15462172939949729252

9531 LSBTYRONELSB the Basher (level 11, -3/90 HPs)
             Began as a Formicid Fighter on Nov 10, 2022.
             Was a High Priest of Okawaru.
             Slain by a slime creature (18 damage)
             ... on level 11 of the Dungeon.
             The game lasted 00:27:12 (10451 turns).

LSBTYRONELSB the Basher (Formicid Fighter)         Turns: 10451, Time: 00:27:13

Health: -3/90      AC:  1    Str: 32    XL:     11   Next: 76%
Magic:  16/16      EV:  7    Int:  7    God:    Okawaru [*****.]
Gold:   81         SH:  7    Dex: 13    Spells: 8/10 levels left

rFire   . . .      SeeInvis +   D - +2 flail (vorpal)
rCold   . . .      Faith    .   H - +2 buckler
rNeg    . . .      Spirit   .   M - +0 plate armour
rPois   .          Reflect  .   (helmet unavailable)
rElec   .          Harm     .   b - scarf {repulsion}
rCorr   .          Rampage  .   (no gloves)
Will    +....                   (no boots)
Stlth   ..........              y - amulet of regeneration
HPRegen 1.05/turn               p - +6 ring of strength
MPRegen 0.15/turn               (no ring)

@: corroded, repel missiles
A: permanent stasis, dig shafts and tunnels, antennae 3, four strong arms
a: Dig, Shaft Self, Renounce Religion, Heroism, Finesse, Duel


You were on level 11 of the Dungeon.
You worshipped Okawaru.
Okawaru was extremely pleased with you.
You visited 2 branches of the dungeon, and saw 12 of its levels.
You also visited: Ossuary.

You collected 612 gold pieces.
You spent 531 gold pieces at shops.

Inventory:

Hand Weapons
 D - a +2 vorpal flail (weapon)
Missiles
 N - 2 throwing nets
Armour
 b - a scarf of repulsion (worn)
 H - a +2 buckler (worn)
 M - a +0 plate armour (worn)
Jewellery
 p - a +6 ring of strength (left hand)
 y - an amulet of regeneration (around neck)
 I - an amulet of faith
Wands
 f - a wand of light (4)
 s - a wand of flame (30) (quivered)
 t - a wand of digging (8)
 w - a wand of mindburst (3)
Scrolls
 a - 2 scrolls of fear
 c - a scroll of amnesia
 g - 2 scrolls of torment
 o - a scroll of magic mapping
 q - 2 scrolls of brand weapon
 r - a scroll of fog
 u - 2 scrolls of vulnerability
 x - a scroll of enchant weapon
 A - 2 scrolls of identify
 B - 3 scrolls of immolation
 E - a scroll of noise
 K - a scroll of silence {unknown}
 L - a scroll of acquirement {unknown}
Potions
 d - 2 potions of might
 e - 5 potions of flight
 h - 2 potions of berserk rage {unknown}
 i - 2 potions of degeneration {unknown}
 j - 4 potions of haste {unknown}
 k - 7 potions of invisibility
 l - 10 potions of curing
 m - 3 potions of attraction
 n - 4 potions of cancellation
 v - 2 potions of lignification {unknown}
 z - 3 potions of brilliance {unknown}
 C - a potion of magic {unknown}
 F - 5 potions of mutation {unknown}
 G - 5 potions of heal wounds
Miscellaneous
 J - a lightning rod (4/4)
 O - a piece from Xom's chessboard (15/15)


   Skills:
 + Level 9.7 Fighting
 * Level 11.8 Maces & Flails
 + Level 7.8 Armour
 - Level 4.0 Shields
 + Level 6.8 Invocations
 + Level 6.3 Evocations


You had 8 spell levels left.
You knew the following spells:

 Your Spells              Type           Power      Damage    Failure   Level
a - Passwall              Tmut/Erth      0%         N/A       99%         2

Your spell library contained the following spells:

 Spells                   Type           Power      Damage    Failure   Level
 Freeze                   Ice            0%         1d3       99%         1
 Sandblast                Erth           0%         2d4       99%         1
 Shock                    Conj/Air       0%         1d3       99%         1
 Ensorcelled Hibernation  Hex/Ice        0%         N/A       99%         2
 Frozen Ramparts          Ice            0%         1d1       100%        3
 Spider Form              Tmut/Pois      0%         N/A       100%        3
 Stone Arrow              Conj/Erth      0%         3d7       100%        3
 Airstrike                Air            0%         2d(0-16)  100%        4
 Anguish                  Hex/Necr       0%         N/A       100%        4
 Hailstorm                Conj/Ice       0%         3d3       100%        4
 Borgnjor's Vile Clutch   Necr/Erth      0%         N/A       100%        5
 Swiftness                Air            Unusable   N/A       N/A         3
 Animate Dead             Necr           Unusable   N/A       N/A         4
 Death Channel            Necr           Unusable   N/A       N/A         6

Dungeon Overview and Level Annotations

Branches:
Dungeon (11/15)            Temple (1/1) D:5            Lair (0/5) D:9
    Orc (0/2) D:9         Ossuary (visited)

Altars:
Ashenzari
Cheibriados
Dithmenos
Elyvilon
Fedhas
Gozag
Hepliaklqana
Kikubaaqudgha
Makhleb
Nemelex Xobeh
Okawaru
Qazlal
Ru
Sif Muna
Trog
Uskayaw
Vehumet
Wu Jian
Xom
Yredelemnul
Zin
The Shining One

Shops:
D:6 *   D:7 :   D:10 !

Annotations:
D:6 exclusion: statue


Innate Abilities, Weirdness & Mutations

You cannot be hasted, slowed, berserked, paralysed or teleported.
You can dig through walls and to a lower floor.
You have a pair of large antennae on your head. (SInv)
Your four strong arms can wield two-handed weapons with a shield.


Message History

r - Retreat! s - Stop attacking. g - Guard the area. f - Follow me.
Anything else - Cancel.
Okay, then.
Unknown command.
There is an open door here.
You are too injured to fight recklessly!
You sock the jelly! The acid corrodes you!
Your hands burn!
The jelly is almost dead.
The jelly hits you.
You are splashed with acid!
You hit the jelly.
You kill the jelly!
Okawaru accepts your kill.
You hit the slime creature but do no damage.
The slime creature is moderately wounded.
You hit the slime creature but do no damage.
The slime creature is moderately wounded.
The slime creature hits you!
* * * LOW HITPOINT WARNING * * *
You hit the slime creature but do no damage.
The slime creature is moderately wounded.
The slime creature hits you!
* * * LOW HITPOINT WARNING * * *
Aiming: Throw Flame
Press: ? - help, Shift-Dir - straight line, f - slime creature
Aim: a slime creature (moderately wounded, 94% to hit)
The puff of flame hits the slime creature.
The slime creature is heavily wounded.
You block the slime creature's attack.
You hit the slime creature but do no damage.
The slime creature is moderately wounded.
You block the slime creature's attack.
You sock the slime creature!
The slime creature is severely wounded.
The slime creature hits you.
* * * LOW HITPOINT WARNING * * *
You sock the slime creature!
The slime creature is almost dead.
The slime creature hits you!!
You die...

........######## ......
............##.##.......
..#.....................
#............#.####.....
##...........#.####.....
#......#######..##.#...
#......# {..##........
#.###..####.##.........
#. ##@J.#$..####..>... #
###..$# #...... ##.## #.
##..... .... #. #......
#######.##(.....
#.##...(.....
#.......##### .....#..#
## ###..#..####.


You could see a slime creature.

Vanquished Creatures
  A two-headed ogre (D:9)
  2 cyclopes
  A manticore (D:11)
  Joseph (D:8)
  A gargoyle (D:9)
  A troll (D:9)
  2 hornets (D:8)
  2 slime creatures (D:11)
  2 wraiths
  2 wyverns
  Menkaure (D:7)
  2 steam dragons
  An acid dragon (D:11)
  3 ice beasts
  6 orc warriors
  3 black bears
  4 centaurs
  A phantom (D:7)
  A kobold brigand (D:9)
  3 scorpions
  3 bullfrogs
  A gnoll sergeant (D:7)
  5 necrophages
  18 wights
  5 killer bees (D:10)
  2 howler monkeys
  4 hounds
  8 jellies
  8 orc priests
  A gnoll bouda (D:8)
  An iguana (D:6)
  15 orc wizards
  Terence (D:2)
  12 mummies (Ossuary)
  17 gnolls
  8 adders
  An ufetubus (D:5)
  2 worms
  62 orcs
  10 endoplasms
  4 giant cockroaches
  12 goblins
  7 hobgoblins
  5 jackals
  4 quokkas
  6 ball pythons
  5 bats
  3 frilled lizards
  3 goblin skeletons (Ossuary)
  14 kobolds
  2 kobold skeletons (Ossuary)
  3 orc skeletons (Ossuary)
  4 rats
  11 rat skeletons (Ossuary)
  2 butterflies (D:10)
309 creatures vanquished.

Vanquished Creatures (others)
  A human (D:8)
  A quokka (D:5)
  2 plants (D:6)
4 creatures vanquished.

Grand Total: 313 creatures vanquished

Notes
Turn   | Place    | Note
-------+----------+-------------------------------------------
     0 | D:1      | LSBTYRONELSB the Formicid Fighter began the quest for the
                  | Orb.
     0 | D:1      | Reached XP level 1. HP: 18/18 MP: 1/1
   157 | D:1      | Reached XP level 2. HP: 24/24 MP: 2/2
   642 | D:1      | Reached XP level 3. HP: 29/30 MP: 3/3
   717 | D:1      | Reached skill level 3 in Maces & Flails
  1060 | D:2      | Identified the +6 sling "Zurupn" {speed, rPois rN+ Str+2
                  | Int+2}
  1394 | D:2      | Noticed Terence
  1398 | D:2      | Killed Terence
  1399 | D:2      | Reached XP level 4. HP: 37/37 MP: 4/4
  1615 | D:3      | Found a faded altar of an unknown god.
  1987 | D:3      | Reached skill level 4 in Maces & Flails
  1989 | D:3      | Reached XP level 5. HP: 39/40 MP: 5/5
  2985 | D:4      | Reached XP level 6. HP: 49/49 MP: 6/6
  2996 | D:4      | Reached skill level 5 in Maces & Flails
  3582 | D:5      | Entered Level 5 of the Dungeon
  3585 | D:5      | Reached skill level 5 in Fighting
  3666 | D:5      | Noticed a black bear
  3761 | D:5      | Reached XP level 7. HP: 47/56 MP: 7/7
  3787 | D:5      | You fall into a shaft and drop 1 floor!
  3792 | D:6      | Found Jiasoa's Assorted Antiques.
  3805 | D:6      | Reached skill level 6 in Maces & Flails
  3809 | D:6      | Bought a scroll of identify for 70 gold pieces
  3809 | D:6      | Bought a potion of curing for 105 gold pieces
  3864 | D:6      | Found a radiant altar of Vehumet.
  4035 | D:5      | Found a glowing golden altar of the Shining One.
  4035 | D:5      | Found a shadowy altar of Dithmenos.
  4067 | D:5      | Reached skill level 7 in Maces & Flails
  4067 | D:5      | Reached XP level 8. HP: 61/64 MP: 8/8
  4201 | D:5      | Found a staircase to the Ecumenical Temple.
  4284 | Temple   | Entered the Ecumenical Temple
  4291 | Temple   | Became a worshipper of Warmaster Okawaru
  4406 | D:5      | Found a white marble altar of Elyvilon.
  4507 | D:6      | Reached * piety under Okawaru
  4508 | D:6      | Reached skill level 8 in Maces & Flails
  4682 | D:6      | Reached XP level 9. HP: 68/72 MP: 9/9
  4784 | D:6      | Found a snail-covered altar of Cheibriados.
  4809 | D:6      | Reached skill level 1 in Invocations
  4835 | D:6      | Reached skill level 1 in Evocations
  4853 | D:6      | Reached ** piety under Okawaru
  4968 | D:6      | Found a hazy altar of Hepliaklqana.
  5044 | D:6      | Bought a scroll of identify for 70 gold pieces
  5163 | D:7      | Reached skill level 9 in Maces & Flails
  5163 | D:7      | Reached skill level 5 in Armour
  5251 | D:7      | Found a sand-covered staircase.
  5257 | Ossuary  | Entered an ossuary
  5740 | D:7      | Found Veir's Vocational Training.
  5889 | D:7      | Noticed Menkaure
  5899 | D:7      | Killed Menkaure
  5900 | D:7      | Reached XP level 10. HP: 43/80 MP: 12/12
  6097 | D:7      | Reached *** piety under Okawaru
  6342 | D:8      | Noticed Joseph
  6523 | D:8      | Reached skill level 10 in Maces & Flails
  7123 | D:8      | Found an ancient bone altar of Kikubaaqudgha.
  7363 | D:8      | Killed Joseph
  7684 | D:8      | Found an ancient bone altar of Kikubaaqudgha.
  8018 | D:9      | Reached skill level 5 in Invocations
  8024 | D:9      | Reached **** piety under Okawaru
  8122 | D:9      | Noticed a gargoyle
  8146 | D:9      | Killed a gargoyle
  8256 | D:9      | Reached skill level 5 in Evocations
  8268 | D:9      | Found a staircase to the Lair.
  8334 | D:9      | Noticed a two-headed ogre
  8340 | D:9      | Killed a two-headed ogre
  8341 | D:9      | Reached skill level 11 in Maces & Flails
  8341 | D:9      | Reached XP level 11. HP: 89/89 MP: 13/15
  8598 | D:9      | Found a staircase to the Orcish Mines.
  8638 | D:9      | Received a gift from Okawaru
  9107 | D:9      | Reached ***** piety under Okawaru
  9431 | D:10     | Entered Level 10 of the Dungeon
  9601 | D:10     | Found a bloodstained altar of Trog.
  9697 | D:10     | Found Wisil's Distillery.
  9704 | D:10     | Bought a potion of heal wounds for 65 gold pieces
  9704 | D:10     | Bought a potion of curing for 39 gold pieces
  9704 | D:10     | Bought a potion of flight for 39 gold pieces
  9704 | D:10     | Bought a potion of flight for 39 gold pieces
  9737 | D:10     | Found an opulent altar of Gozag.
  9833 | D:10     | Found a shimmering altar of Xom.
  9971 | D:10     | Noticed a cyclops
  9979 | D:10     | Killed a cyclops
 10241 | D:10     | Bought a potion of invisibility for 104 gold pieces
 10244 | D:10     | Learned a level 2 spell: Passwall
 10300 | D:11     | Noticed a manticore
 10304 | D:11     | Noticed a cyclops
 10306 | D:11     | Killed a manticore
 10316 | D:11     | Killed a cyclops
 10316 | D:11     | Received a gift from Okawaru
 10451 | D:11     | Slain by a slime creature

Illustrated notes

Levels and vault maps discovered:
D:1:      psy_arrival_statuary, layout_loops_ring
D:2:      layout_basic, uniq_terence
D:3:      minmay_razor_zed, layout_basic, nicolae_ecumenical_pavilion,
          kennysheep_generic_room_13
D:4:      layout_basic
D:5:      layout_basic, gammafunk_temple_overflow_elements, elyvilon_altar_4,
          minmay_temple_entry_slanted
D:6:      layout_basic, nicolae_overflow_hidden_temple, vehumet_statue,
          worldfamousw_hep_ancestral_shrine, serial_shops,
          nicolae_shop_overgrown_old_shop, serial_park_tiny_1
D:7:      layout_basic, enter_ossuary_2, nicolae_shop_vocational, uniq_menkaure
D:8:      layout_basic, tgw_kikubaaqudgha, uniq_joseph
D:9:      layout_loops_corners, lair_entry_dummy, hiddenorc2_lemuel,
          special_room [special_room_orc]
D:10:     layout_roguey, trog_hazing_becter, xom_butterflies,
          nicolae_gozag_cash_rules_everything_around_me, serial_shops,
          nicolae_diamond_shop
D:11:     layout_rooms, hangedman_parallel_progression
Temple:   nicolae_temple_no_exploring_needed

Skill      XL: |  1  2  3  4  5  6  7  8  9 10 11 |
---------------+----------------------------------+-----
Maces & Flails | 3 4 5 7 8 9 11 | 11.8
Fighting       | 4 5 6 7 9 |  9.7
Armour         | 4 5 6 7 |  7.8
Invocations    | 3 5 6 |  6.8
Evocations     | 3 5 6 |  6.3
Shields        | |  4.0

Action                   |  1- 3 |  4- 6 |  7- 9 | 10-12 || total
-------------------------+-------+-------+-------+-------++-------
Melee: Flail             |    78 |   151 |   275 |   434 ||   938
Invok: Heroism           |       |       |       |     4 ||     4
 Abil: Dig               |       |     2 |     6 |     5 ||    13
       Shaft Self        |       |       |     1 |       ||     1
Evoke: Wand              |       |       |       |    15 ||    15
  Use: Scroll            |       |     5 |     9 |     3 ||    17
       Potion            |       |       |     1 |       ||     1
Armor: Scale mail        |    23 |    20 |       |       ||    43
       Chain mail        |       |    53 |    82 |    84 ||   219
       Plate armour      |       |       |       |    47 ||    47
Dodge: Dodged            |    43 |    78 |    66 |   116 ||   303
       Repelled          |       |       |       |     5 ||     5
Block: Buckler           |    18 |    33 |    47 |   101 ||   199
